 Dungeon Crawl Stone Soup version 0.21-a0-404-g291f19a (webtiles) character file.

8407 zero the Cleaver (level 11, -17/71 HPs)
             Began as a Gargoyle Berserker on Oct 26, 2017.
             Was a High Priest of Trog.
             Demolished by a komodo dragon (19 damage)
             ... on level 9 of the Dungeon.
             The game lasted 00:09:30 (8526 turns).

zero the Cleaver (Gargoyle Berserker)               Turns: 8526, Time: 00:09:32

Health: -17/71     AC: 20    Str: 30    XL:     11   Next: 30%
Magic:  11/11      EV:  8    Int:  7    God:    Trog [*****.]
Gold:   562        SH:  8    Dex:  9    Spells: 10/10 levels left

rFire    . . .     SeeInvis .   t - +1 war axe
rCold    . . .     Gourm    .   g - +0 buckler
rNeg     + . .     Faith    .   e - +0 plate armour
rPois    ∞         Spirit   .   (no helmet)
rElec    +         Reflect  +   y - +0 cloak
rCorr    .         Harm     .   A - +0 pair of gloves (curse)
MR       ++...                  (no boots)
Stlth    ..........             f - +3 amulet of reflection
HPRegen  1.21/turn              E - +5 ring of strength
MPRegen  0.12/turn              G - -3 ring of protection (curse)

@: berserk cooldown, regenerating, slowed, very slow
A: negative energy resistance 1, electricity resistance, unbreathing,
petrification resistance, rot immunity, AC +8
a: Berserk, Trog's Hand, Brothers in Arms, Burn Spellbooks, Renounce Religion


You were on level 9 of the Dungeon.
You worshipped Trog.
Trog was extremely pleased with you.
You were very hungry.

You visited 1 branch of the dungeon, and saw 9 of its levels.

You collected 562 gold pieces.

Inventory:

Hand Weapons
 a - a +0 hand axe
 t - a +1 war axe (weapon)
Missiles
 L - 4 throwing nets (quivered)
Armour
 e - a +0 plate armour (worn)
 g - a +0 buckler (worn)
 y - a +0 cloak (worn)
 A - a cursed +0 pair of gloves (worn)
Jewellery
 f - a +3 amulet of reflection (around neck)
 E - a +5 ring of strength (left hand)
 G - a cursed -3 ring of protection (right hand)
 N - an uncursed ring of poison resistance {unknown}
 O - the ring "Yzaclur" {+Inv rPois rF+ Int+3, unknown}
   (You took it off an orc warrior on level 9 of the Dungeon)

   [ring of intelligence]

   It affects your intelligence (+3).
   It protects you from fire.
   It protects you from poison.
   It lets you turn invisible.
 Q - an uncursed ring of resist corrosion {unknown}
Wands
 h - a wand of disintegration (19/24)
 i - a wand of polymorph (13/24)
 u - a wand of flame (14/48)
 x - a wand of random effects (25/48)
 z - a wand of digging (24/24)
 B - a wand of acid (5/15)
 C - a wand of lightning (4/15)
 D - a wand of polymorph (14/24)
 R - a wand of lightning (9/15)
Scrolls
 b - 4 scrolls of blinking
 j - 2 scrolls of enchant weapon
 l - 5 scrolls of teleportation
 n - 2 scrolls of magic mapping
 r - a scroll of recharging
 F - a scroll of fear
 K - a scroll of fog
Potions
 d - 4 potions of heal wounds {unknown}
 k - a potion of agility
 m - 2 potions of invisibility {unknown}
 o - a potion of brilliance {unknown}
 p - 2 potions of mutation {unknown}
 q - 6 potions of curing
 s - a potion of lignification {unknown}
 v - 3 potions of flight {unknown}
 w - a potion of magic {unknown}
 I - a potion of ambrosia {unknown}
 J - a potion of degeneration {unknown}
Comestibles
 c - 8 bread rations
 H - 2 meat rations
 M - 4 fruits
 P - a royal jelly


   Skills:
 + Level 9.4 Fighting
 * Level 12.1 Axes
 + Level 6.3 Armour
 - Level 1.5 Dodging
 + Level 5.8 Shields


You had 10 spell levels left.
You didn't know any spells.

Dungeon Overview and Level Annotations

Branches:
Dungeon (9/15)             Temple (0/1) D:4            Lair (0/6) D:9
    Orc (0/2) D:9

Altars:
Cheibriados
Dithmenos
Elyvilon
Gozag
Hepliaklqana
Kikubaaqudgha
Qazlal
Ru
Sif Muna
Xom
Yredelemnul
Zin
The Shining One


Innate Abilities, Weirdness & Mutations

You are resistant to torment.
Your stone body is resilient. (AC +8)
You are immune to poison.
You resist negative energy. (rN+)
You are resistant to electric shocks. (rElec)
You can survive without breathing.
You are immune to petrification.
You are immune to rotting.


Message History

You closely miss the komodo dragon.
The komodo dragon is heavily wounded.
You are feeling very hungry.
You block the komodo dragon's attack.
Your skin crawls.
You feel resistant to hostile enchantments.
You feel somewhat more hungry. The komodo dragon barely misses you.
The komodo dragon closely misses you.
You hit the komodo dragon.
The komodo dragon is severely wounded.
You block the komodo dragon's attack.
You hit the komodo dragon but do no damage.
The komodo dragon is severely wounded.
The komodo dragon bites you!!
* * * LOW HITPOINT WARNING * * *
You completely miss the komodo dragon.
The komodo dragon is severely wounded.
The komodo dragon bites you but does no damage.
The komodo dragon bites you!!
You die...

#....#.#### #.#
####.#....#####.#
#.#....##....#
##########.#....##.....
#.......##.#....##....#
#.......##.#....##....#
#.......##.............
#....)..###............
#.....@.# #............
#......l###............
#............#.#.......
#!......###..#.#.......
#.......###..#..#≈≈≈≈≈≈
#.........##.#.....####
#########.....#....#..#
######.#..≈....##.#
..........≈.......#


You could see a komodo dragon.

Vanquished Creatures
  3 two-headed ogres
  A hippogriff (D:4)
  11 yaks (D:9)
  A water moccasin (D:8)
  Duvessa (D:6)
  4 ice beasts
  4 sky beasts
  4 orc warriors
  3 black bears
  A phantom (D:5)
  An ogre (D:8)
  The ghost of Barriton the Firebug, an amateur DrFE (D:3)
  3 centaurs
  A necrophage (D:9)
  A gnoll sergeant (D:8)
  8 bullfrogs
  Dowan (D:6)
  A wyvern skeleton (D:5)
  A killer bee (D:9)
  4 scorpions
  6 crimson imps
  A centaur zombie (D:5)
  2 orc priests
  2 centaur skeletons (D:4)
  A gnoll shaman (D:7)
  Crazy Yiuf (D:2)
  2 jellies
  6 orc wizards
  4 hounds
  Jessica (D:2)
  3 bullfrog skeletons
  4 iguanas
  6 worker ants
  2 hound zombies
  2 hound skeletons (D:9)
  2 howler monkey skeletons
  3 worker ant zombies
  11 gnolls
  20 adders
  2 shadow imps
  An ooze (D:1)
  2 adder zombies
  3 worms
  3 dart slugs
  6 leopard geckos
  16 orcs
  10 giant cockroaches
  10 goblins
  6 hobgoblins
  14 jackals
  9 kobolds
  4 quokkas
  A ball python (D:4)
  6 bats
  7 frilled lizards
  A leopard gecko skeleton (D:5)
  6 rats
241 creatures vanquished.

Vanquished Creatures (others)
  A plant (D:9)
1 creature vanquished.

Grand Total: 242 creatures vanquished

Notes
Turn   | Place    | Note
-------+----------+-------------------------------------------
     0 | D:1      | zero the Gargoyle Berserker began the quest for the Orb.
     0 | D:1      | Reached XP level 1. HP: 14/14 MP: 1/1
     6 | D:1      | Noticed a swamp drake
     6 | D:1      | Noticed a crocodile
     6 | D:1      | Noticed a black bear
     7 | D:1      | Noticed a salamander
     7 | D:1      | Noticed a wolf
    84 | D:1      | Reached skill level 3 in Axes
    84 | D:1      | Reached XP level 2. HP: 14/19 MP: 2/2
   528 | D:1      | Reached XP level 3. HP: 20/23 MP: 3/3
   799 | D:2      | Reached ** piety under Trog
   824 | D:2      | Reached skill level 4 in Axes
   953 | D:2      | Found a sacrificial altar of Ru.
   983 | D:2      | Reached XP level 4. HP: 26/28 MP: 4/4
  1187 | D:2      | Noticed Jessica
  1193 | D:2      | Killed Jessica
  1193 | D:2      | Reached skill level 5 in Axes
  1193 | D:2      | Reached XP level 5. HP: 26/32 MP: 5/5
  1608 | D:2      | Found a runed door.
  1834 | D:2      | Reached *** piety under Trog
  2123 | D:2      | Noticed Crazy Yiuf
  2132 | D:2      | Killed Crazy Yiuf
  2294 | D:3      | Noticed Barriton's ghost (amateur DrFE)
  2308 | D:3      | Killed Barriton's ghost
  2308 | D:3      | Reached skill level 6 in Axes
  2308 | D:3      | Reached XP level 6. HP: 6/37 MP: 6/6
  2644 | D:3      | Found a white marble altar of Elyvilon.
  2714 | D:3      | Noticed an angel
  2715 | D:3      | Found a glowing silver altar of Zin.
  2715 | D:3      | Found a shimmering altar of Xom.
  2905 | D:3      | Found a snail-covered altar of Cheibriados.
  2916 | D:3      | Found a stormy altar of Qazlal.
  3123 | D:4      | Got a bloodstained ring mail
  3134 | D:4      | Identified the cursed +0 ring mail of Zin's Righteous Fury {rPois Slay+3} (You found it on level 4 of the Dungeon)
  3303 | D:4      | Found a staircase to the Ecumenical Temple.
  3312 | D:4      | Reached XP level 7. HP: 36/41 MP: 7/7
  3328 | D:4      | Reached skill level 7 in Axes
  3347 | D:4      | Noticed a hippogriff
  3354 | D:4      | Killed a hippogriff
  4174 | D:5      | Entered Level 5 of the Dungeon
  4196 | D:5      | Reached XP level 8. HP: 41/48 MP: 8/8
  4214 | D:5      | Reached skill level 8 in Axes
  4245 | D:5      | Reached skill level 5 in Fighting
  4497 | D:5      | Found a hazy altar of Hepliaklqana.
  4572 | D:5      | Reached **** piety under Trog
  4686 | D:5      | Found a basalt altar of Yredelemnul.
  4688 | D:5      | Noticed a profane servitor
  4702 | D:5      | Found a glowing golden altar of the Shining One.
  4704 | D:5      | Noticed an angel
  5017 | D:6      | Reached skill level 9 in Axes
  5215 | D:6      | Reached XP level 9. HP: 41/56 MP: 9/9
  5425 | D:6      | Noticed Duvessa
  5427 | D:6      | Noticed Dowan
  5430 | D:6      | Killed Duvessa
  5440 | D:6      | Killed Dowan
  5440 | D:6      | Reached skill level 10 in Axes
  5593 | D:6      | Found a shadowy altar of Dithmenos.
  5777 | D:6      | Found an ancient bone altar of Kikubaaqudgha.
  6008 | D:7      | Reached skill level 1 in Shields
  6103 | D:7      | Received a gift from Trog
  6760 | D:8      | Reached ***** piety under Trog
  6922 | D:8      | Reached XP level 10. HP: 64/64 MP: 10/10
  7108 | D:8      | Noticed a two-headed ogre
  7121 | D:8      | Killed a two-headed ogre
  7121 | D:8      | Reached skill level 11 in Axes
  7470 | D:8      | Found an opulent altar of Gozag.
  7578 | D:9      | Found a staircase to the Orcish Mines.
  7599 | D:9      | Noticed a two-headed ogre
  7610 | D:9      | Killed a two-headed ogre
  7882 | D:9      | Found a deep blue altar of Sif Muna.
  7933 | D:9      | Reached skill level 5 in Armour
  8030 | D:9      | Got a clouded amber ring
  8057 | D:9      | Reached skill level 5 in Shields
  8059 | D:9      | Reached XP level 11. HP: 27/71 MP: 11/11
  8071 | D:9      | Reached skill level 12 in Axes
  8460 | D:9      | Found a staircase to the Lair.
  8490 | D:9      | Noticed a two-headed ogre
  8501 | D:9      | Killed a two-headed ogre
  8525 | D:9      | HP: 1/71 [komodo dragon (22)]
  8526 | D:9      | Demolished by a komodo dragon

Vault maps used:
D:1:      onia_arrival_zoo_common
D:2:      minmay_diamond_boxcup, nicolae_ru_great_annihilating_truth,
          first_bread, uniq_crazy_yiuf_cottage, uniq_jessica
D:3:      grunt_temple_overflow_order_and_chaos_1, overflow_temple_1_default,
          nicolae_qazlal_general_emergency, cheibriados_altar_1
D:4:      minmay_temple_entry_large_hall
D:5:      grunt_temple_overflow_holy_war, kennysheep_little_box
D:6:      lemuel_coloured_pillars_altar, lemuel_round_altar, uniq_duvessa
D:8:      general_overflow_altar, grunt_ogre_cave
D:9:      cheibrodos_ideogram_h, david_lair_shrubbed, led_sif_book

Skill      XL: |  1  2  3  4  5  6  7  8  9 10 11 |
---------------+----------------------------------+-----
Axes           | 3 4 5 6 7 9 10 11 12 | 12.1
Fighting       | 4 6 7 9 |  9.4
Shields        | 2 5 |  5.8
Armour         | 3 5 6 |  6.3
Dodging        | |  1.5

Action                   |  1- 3 |  4- 6 |  7- 9 | 10-12 || total
-------------------------+-------+-------+-------+-------++-------
Melee: Hand axe          |   139 |    82 |       |       ||   221
       War axe           |       |   111 |   392 |   173 ||   676
       Unarmed           |       |     4 |       |       ||     4
Invok: Berserk           |       |     2 |     3 |     4 ||     9
       Trog's Hand       |       |       |       |     2 ||     2
  Use: Scroll            |       |    12 |     3 |       ||    15
 Stab: Paralysed         |       |     1 |       |       ||     1
  Eat: Chunk             |       |     8 |     8 |     3 ||    19
       Royal jelly       |       |     1 |     1 |       ||     2
       Meat ration       |       |       |     1 |     1 ||     2
Armor: Animal skin       |     8 |       |       |       ||     8
       Chain mail        |   102 |   110 |       |       ||   212
       Plate armour      |       |     9 |   305 |    89 ||   403
Dodge: Dodged            |    78 |    73 |   124 |    63 ||   338
Block: Other             |       |     1 |     5 |       ||     6
       Buckler           |       |       |   103 |    68 ||   171
       Reflection        |       |       |       |     2 ||     2

Table legend:
 A = Spawn XP
 B = Non-spawn XP
 C = Spawn XP percentage of total XP
 D = Spawn monster count
 E = Non-spawn monster count
 F = Spawn count percentage of total count
 G = Total turns spent on level
                    A         B        C        D         E        F      G
               +---------+---------+-------+---------+---------+-------+---------
         Total |       0 |   12011 |   0.0 |       0 |     241 |   0.0 |  8526
               +---------+---------+-------+---------+---------+-------+---------
           D:1 |       0 |      39 |   0.0 |       0 |      18 |   0.0 |   791
           D:2 |       0 |     262 |   0.0 |       0 |      45 |   0.0 |  1452
           D:3 |       0 |     180 |   0.0 |       0 |      18 |   0.0 |   867
           D:4 |       0 |     567 |   0.0 |       0 |      17 |   0.0 |  1064
           D:5 |       0 |     858 |   0.0 |       0 |      24 |   0.0 |   840
           D:6 |       0 |    1270 |   0.0 |       0 |      23 |   0.0 |   792
           D:7 |       0 |     989 |   0.0 |       0 |      27 |   0.0 |   897
           D:8 |       0 |    1823 |   0.0 |       0 |      24 |   0.0 |   862
           D:9 |       0 |    6023 |   0.0 |       0 |      45 |   0.0 |   961
               +---------+---------+-------+---------+---------+-------+---------
